 Dungeon Sprint DCSS version 0.23.1 (webtiles) character file.

Game seed: 17518810246661674819

47 nuthulu the Magician (level 3, -1/19 HPs)
             Began as a Deep Elf Air Elementalist on Mar 13, 2019.
             Was an Initiate of Vehumet.
             Slain by a toenail golem (8 damage)
             ... in the Dungeon (Sprint V: "Ziggurat Sprint").
             The game lasted 00:01:16 (245 turns).

nuthulu the Magician (Deep Elf Air Elementalist)     Turns: 245, Time: 00:01:16

Health: -1/19      AC:  3    Str:  5    XL:     3   Next: 48%
Magic:  9/13       EV: 15    Int: 25    God:    Vehumet [......]
Gold:   0          SH:  0    Dex: 22    Spells: 10/16 levels left

rFire    . . .     SeeInvis .   D - +7 Screaming Sword {slice, sonic wave}
rCold    . . .     Gourm    .   (no shield)
rNeg     + . .     Faith    .   a - +0 robe
rPois    .         Spirit   .   (no helmet)
rElec    .         Reflect  .   (no cloak)
rCorr    .         Harm     .   (no gloves)
MR       .....     NoTele   +   l - +0 pair of boots of Lugonu's Whim {rN+} (curse)
Stlth    +++.......             (no amulet)
HPRegen  0.06/turn              z - +6 ring of intelligence
MPRegen  0.13/turn              y - +6 ring of dexterity

@: no status effects
A: no striking features
a: Renounce Religion


You were in the Dungeon.
You worshipped Vehumet.
Vehumet was noncommittal.
You were not hungry.

You visited 1 branch

Inventory:

Hand Weapons
 D - the +7 Screaming Sword (weapon) {slice, sonic wave}
   (You found it in the Dungeon)

   It inflicts extra damage upon your enemies.
Armour
 a - a +0 robe (worn)
 l - the cursed +0 pair of boots of Lugonu's Whim (worn) {rN+}
   (You found it in the Dungeon)

   It protects you from negative energy.
   It has a curse placed upon it.
Jewellery
 x - a +6 ring of dexterity
 y - a +6 ring of dexterity (right hand)
 z - a +6 ring of intelligence (left hand)
 A - a +6 ring of intelligence
 B - a +6 ring of strength
 C - a +6 ring of strength
Wands
 u - a wand of disintegration (7)
 v - a wand of iceblast (7)
 w - a wand of acid (7)
Scrolls
 i - 4 scrolls of blinking
 o - 4 scrolls of amnesia
 p - 7 scrolls of fog
 q - a scroll of holy word
 r - 5 scrolls of identify
 s - 5 scrolls of remove curse
 t - 2 scrolls of fear
Potions
 b - 2 potions of brilliance
 d - 10 potions of curing
 e - 10 potions of heal wounds
 f - 6 potions of haste
 g - 7 potions of magic
 h - 3 potions of berserk rage
 j - 2 potions of invisibility
 k - 4 potions of resistance
 m - 5 potions of agility
 n - 5 potions of might
Comestibles
 c - 7 rations


   Skills:
 + Level 3.6 Dodging
 - Level 2.4 Stealth
 + Level 7.0 Spellcasting
 + Level 5.3 Conjurations
 + Level 5.7 Air Magic


You had 10 spell levels left.
You knew the following spells:

 Your Spells              Type           Power        Failure   Level  Hunger
a - Shock                 Conj/Air       ####         1%          1    None
b - Swiftness             Chrm/Air       ###.....     3%          2    None
c - Static Discharge      Conj/Air       #####...     1%          3    None

Your spell library contained the following spells:

 Spells                   Type           Power        Failure   Level  Hunger
 Airstrike                Air            #####.....   6%          4    ###....
 Lightning Bolt           Conj/Air       #####.....   19%         5    #####..


Dungeon Overview and Level Annotations

Branches:
Dungeon (1/1)

Altars:
Ashenzari
Cheibriados
Dithmenos
Elyvilon
Fedhas
Gozag
Hepliaklqana
Kikubaaqudgha
Makhleb
Nemelex Xobeh
Okawaru
Qazlal
Ru
Sif Muna
Trog
Uskayaw
Vehumet
Wu Jian
Xom
Yredelemnul
Zin
The Shining One
Beogh
Jiyva
Lugonu

Annotations:
D 1 transporter


Message History

The toenail golem completely misses you.
The toenail golem hits you. x2
Unknown command.
Unknown command.
Unknown command.
You slash the toenail golem!
The Screaming Sword booms, "SWING ME FASTER, YOU KNUCKLE-DRAGGING WEAKLING!"
You send a blast of sound all around you.
The toenail golems are blasted.
The toenail golem is moderately damaged.
The toenail golem is severely damaged.
The toenail golem is moderately damaged.
The toenail golem is severely damaged.
The toenail golem misses you.
You riposte.
You barely miss the toenail golem.
The toenail golem is severely damaged.
The toenail golem barely misses you.
You riposte.
You slash the toenail golem!
The toenail golem is heavily damaged.
The toenail golem hits you but does no damage.
The toenail golem hits you!
You die...

▓▓▓▓▓▓▓▓▓▓▓▓▓
▓.8©8.▓.8©8.▓
▓.})|.▓.....▓
▓.....▓.:...▓
▓.....▓.....▓
▓.....▓.....▓
▓.888.▓..©..▓
▓..@..▓▓▓▓▓▓▓
▓▓▓▓▓▓▓


You could see 3 toenail golems.

Vanquished Creatures
  A quasit (D)
  A white imp (D)
2 creatures vanquished.

Vanquished Creatures (others)
  2 spatial maelstroms (D)
2 creatures vanquished.

Grand Total: 4 creatures vanquished

Notes
Turn   | Place    | Note
-------+----------+-------------------------------------------
     0 | D        | Found the +6 Majin-Bo {vamp, Archmagi MP+6 Int+6}
     0 | D        | Found the +7 great mace "Firestarter" {inner flame, rF++}
     0 | D        | nuthulu the Deep Elf Air Elementalist began the quest for
                  | the Orb.
     0 | D        | Reached XP level 1. HP: 10/10 MP: 6/6
     0 | D        | Found a deep blue altar of Sif Muna.
     0 | D        | Found a sacrificial altar of Ru.
     0 | D        | Found a bloodstained altar of Trog.
     0 | D        | Found a stormy altar of Qazlal.
     0 | D        | Found an iron altar of Okawaru.
     0 | D        | Found a sparkling altar of Nemelex Xobeh.
     0 | D        | Found a blossoming altar of Fedhas.
     0 | D        | Banished a spatial maelstrom
     2 | D        | Found a transporter.
     2 | D        | Found an ancient bone altar of Kikubaaqudgha.
     2 | D        | Found a viscous altar of Jiyva.
     2 | D        | Found a corrupted altar of Lugonu.
     2 | D        | Found a hazy altar of Hepliaklqana.
     2 | D        | Found a burning altar of Makhleb.
     2 | D        | Found an opulent altar of Gozag.
    20 | D        | Found the +9 heavy crossbow "Sniper" {velocity, Acc+∞ SInv}
    20 | D        | Found the +10 dark maul {crush}
    20 | D        | Found the +15 Maxwell's patent armour {-Cast -Tele rElec
                  | MR+ rCorr}
    20 | D        | Found the +18 shield of the Gong {rElec rN+ MR+ EV-5}
    20 | D        | Found the cursed +14 obsidian axe {chop, +Fly SInv *Curse}
    21 | D        | Banished a spatial maelstrom
    23 | D        | Found the +6 shillelagh "Devastator" {shatter}
    23 | D        | Found the +11 plutonium sword {*Contam Stlth-}
    23 | D        | Found the +8 lance "Wyrmbane" {slay drac, rPois rF+ rC+
                  | AC+3}
    23 | D        | Found the +9 sword of Zonguldrok {reap}
    23 | D        | Found the cursed +13 scythe of Curses {drain, *Curse}
    23 | D        | Found the +0 sword of Power
    23 | D        | Found the +7 mace of Variability {chain chaos}
    23 | D        | Found the +7 Singing Sword {slice, sonic wave}
    23 | D        | Found the +7 longbow "Piercer" {penet, EV-2}
    28 | D        | Reached skill level 6 in Spellcasting
    28 | D        | Reached skill level 5 in Air Magic
    28 | D        | Reached XP level 2. HP: 15/15 MP: 7/11
    32 | D        | Learned a level 2 spell: Swiftness
    41 | D        | Became a worshipper of Vehumet
    54 | D        | Entered arena 2.
    54 | D        | Found a transporter.
    57 | D        | Reached skill level 7 in Spellcasting
    57 | D        | Reached skill level 5 in Conjurations
    57 | D        | Reached XP level 3. HP: 8/19 MP: 10/13
    62 | D        | Got the cursed +0 pair of boots of Lugonu's Whim {rN+}
   237 | D        | Learned a level 3 spell: Static Discharge
   239 | D        | Entered arena 3.
   239 | D        | Noticed a toenail golem
   239 | D        | Noticed a toenail golem
   239 | D        | Noticed a toenail golem
   239 | D        | Found a transporter.
   245 | D        | Slain by a toenail golem

Skill      XL: |  1  2 |
---------------+-------+-----
Spellcasting   | 6 7 |  7.0
Conjurations   | 4 5 |  5.3
Air Magic      | 5 |  5.7
Dodging        | 3 |  3.6
Stealth        | |  2.4

Action                   || total
-------------------------++-------
Melee: Double sword      ||     3
 Cast: Shock             ||     4
  Use: Potion            ||     1
 Stab: Sleeping          ||     1
Armor: Robe              ||     1
Dodge: Dodged            ||     4
       Rpst.: Double sword ||     3
